 Dungeon Crawl Stone Soup version 0.29-a0-813-g4a14ea37d6 (webtiles) character file.

Game seed: 7191024225992481450

49 Yina the Conjurer (level 3, -10/26 HPs)
             Began as a Demigod Conjurer on July 4, 2022.
             Mangled by Crazy Yiuf
             ... wielding a +3 quarterstaff of chaos
              (18 damage)
             ... on level 2 of the Dungeon.
             The game lasted 00:02:50 (1652 turns).

Yina the Conjurer (Demigod Conjurer)                Turns: 1652, Time: 00:02:50

Health: -10/26     AC:  2    Str:  8    XL:     3   Next: 32%
Magic:  10/10      EV: 12    Int: 24    God:
Gold:   66         SH:  0    Dex: 12    Spells: 6/7 levels left

rFire   . . .      SeeInvis .   k - +4 hammer
rCold   . . .      Faith    .   (no shield)
rNeg    . . .      Spirit   .   a - +0 robe
rPois   .          Reflect  .   (no helmet)
rElec   .          Harm     .   (no cloak)
rCorr   .          Rampage  .   (no gloves)
Will    .....                   (no boots)
Stlth   ++........              (no amulet)
HPRegen 0.08/turn               (no ring)
MPRegen 0.12/turn               (no ring)

@: invisible
A: high MP 1, forlorn, divine attributes
a: no special abilities


You were on level 2 of the Dungeon.
You visited 1 branch of the dungeon, and saw 2 of its levels.

You collected 66 gold pieces.

Inventory:

Hand Weapons
 k - a +4 hammer (weapon)
Armour
 a - a +0 robe (worn)
Scrolls
 f - a scroll of teleportation {unknown}
 g - 2 scrolls of identify {unknown}
 i - a scroll of fear {unknown}
 j - a scroll of silence {unknown}
Potions
 b - a potion of magic
 c - a potion of invisibility
 d - 2 potions of curing {unknown}
 e - a potion of brilliance {unknown}
 h - a potion of mutation {unknown}


   Skills:
 - Level 1.8 Dodging
 - Level 1.8 Stealth
 + Level 2.9 Spellcasting
 - Level 4.0 Conjurations


You had 6 spell levels left.
You knew the following spells:

 Your Spells              Type           Power      Damage    Failure   Level
a - Magic Dart            Conj           88%        1d7       1%          1

Your spell library contained the following spells:

 Spells                   Type           Power      Damage    Failure   Level
 Searing Ray              Conj           44%        2d6       3%          2
 Dazzling Flash           Conj/Hex       26%        N/A       14%         3
 Fulminant Prism          Conj/Hex       6%         3d7       43%         4
 Iskenderun's Mystic Bla  Conj/Tloc      13%        2d5       43%         4


Dungeon Overview and Level Annotations

Branches:
Dungeon (2/15)

Annotations:
D:2 Crazy Yiuf


Innate Abilities, Weirdness & Mutations

You have an increased reservoir of magic. (+10% MP)
You shall have no god before yourself.
Your divine heritage dramatically boosts your attributes as you level up.


Message History

j - a scroll labelled AHUCRU TEQ MIL You open the door.
There is an open door here.
Found a hammer.
Found a hammer.
You see here a +4 hammer.
You see here a +4 hammer.
k - a +4 hammer
k - a +4 hammer (weapon)
Found seven hammers.
Found a runed translucent door.
You see here a +0 hammer.
Found a hammer.
You see here a +0 hammer.
Crazy Yiuf shouts!
You see here a +0 hammer.
Found three hammers.
You see here a +0 hammer.
You open the door. You hit Crazy Yiuf.
Crazy Yiuf is moderately wounded.
Crazy Yiuf barely misses you.
You completely miss Crazy Yiuf.
Crazy Yiuf is moderately wounded.
Crazy Yiuf hits you with a +3 quarterstaff of chaos!
Ouch! That really hurt!
Crazy Yiuf hits you with a +3 quarterstaff of chaos.
Crazy Yiuf burns you.
* * * LOW HITPOINT WARNING * * *
You see here a +0 hammer.
Crazy Yiuf says, "Seed disdain ladder!"
You see here a +0 hammer.
Crazy Yiuf yells, "Pitchfork koolooloo poople!"
You see here a +0 hammer.
Your magic is already full.
Unknown command.
It was a potion of invisibility.
You fade into invisibility!
Crazy Yiuf hits you with a +3 quarterstaff of chaos!!
Ouch! That really hurt!
You die...

##...## ###.#
##.....## #.#
##.......## ##.##
#.........# #...#
+...####### #####
#...# ##..#######
#.....)#g### ###
#......@#))##)))#
#......####)')).#
##....## ###)))#
###### ###


You could see Crazy Yiuf (unable to see you).

Vanquished Creatures
  3 gnolls
  3 bats (D:1)
  2 endoplasms (D:1)
  2 giant cockroaches (D:1)
  2 goblins (D:1)
  4 hobgoblins (D:1)
  3 rats (D:1)
19 creatures vanquished.

Notes
Turn   | Place    | Note
-------+----------+-------------------------------------------
     0 | D:1      | Yina the Demigod Conjurer began the quest for the Orb.
     0 | D:1      | Reached XP level 1. HP: 14/14 MP: 5/5
   269 | D:1      | Reached skill level 4 in Conjurations
   365 | D:1      | Reached XP level 2. HP: 12/20 MP: 1/7
  1242 | D:1      | Reached XP level 3. HP: 5/26 MP: 2/9
  1641 | D:2      | Found a runed translucent door.
  1642 | D:2      | Noticed Crazy Yiuf
  1652 | D:2      | Mangled by Crazy Yiuf

Illustrated notes

Levels and vault maps discovered:
D:1:      dpeg_arrival_rooms_b, layout_basic,
          dreamdust_ecumenical_altar_angels_and_demons
D:2:      layout_loops_corners, uniq_crazy_yiuf_cottage

Skill      XL: |  1  2 |
---------------+-------+-----
Conjurations   | 4 |  4.0
Spellcasting   | 2 |  2.9
Dodging        | |  1.8
Stealth        | |  1.8

Action                   || total
-------------------------++-------
Melee: Unarmed           ||    12
       Punch             ||     1
       Mace              ||     2
 Cast: Magic Dart        ||    55
  Use: Potion            ||     1
Armor: Robe              ||     4
Dodge: Dodged            ||    24

Table legend: (Time is in decaauts)
 A = Elapsed time spent in this place.
 B = Non-inter-level travel time spent in this place.
 C = Inter-level travel time spent in this place.
 D = Time resting spent in this place.
 E = Time spent auto-exploring this place.
 F = Levels seen in this place.
 G = Mean time per level.
                   A        B        C        D        E       F      G
               +--------+--------+--------+--------+--------+-----+--------+
         Total |   1654 |   1640 |     14 |    559 |    920 |   2 |  827.0 |
       Dungeon |   1654 |   1640 |     14 |    559 |    920 |   2 |  827.0 |
               +--------+--------+--------+--------+--------+-----+--------+

Top non-repeatable levels by time:
     D:1: 1490 daAuts
     D:2: 164 daAuts
